 Dungeon Crawl Stone Soup version 0.32-a0-306-gfed3edf829 (webtiles) character file.

Game seed: 18316983884006240846

319102 ytrimaz the Lord of Darkness (level 20, -7/147 HPs)
             Began as a Demonspawn Necromancer on Feb 14, 2024.
             Was the Champion of Kikubaaqudgha.
             Mangled by a +3 halberd of venom (28 damage)
             ... on level 2 of the Elven Halls on Feb 15, 2024.
             The game lasted 01:44:45 (37557 turns).

ytrimaz the Lord of Darkness (DsNe)                Turns: 37557, Time: 01:44:46

Health: -7/147     AC:  9    Str: 13    XL:     20   Next: 59%
Magic:  0/40       EV: 20    Int: 34    God:    Kikubaaqudgha [******]
Gold:   640        SH:  6    Dex: 20    Spells: 8/51 levels left

rFire   . . .        g - +3 lajatang (pain)
rCold   . . .        (shield currently unavailable)
rNeg    + . .        H - +4 robe of Augmentation {Str+4 Int+4 Dex+4}
rPois   +            h - +0 hat "Ylemo" {Will+ Str+2 Int+2 Slay+2}
rElec   +            C - +2 cloak of the Thief {*Fog Slay-2 SInv Stlth+}
rCorr   +            (gloves unavailable)
SInv    +            (no boots)
Will    ++...        u - amulet of regeneration
Stlth   +++++        J - ring "Gaoteim" {rPois rCorr Int+6}
HPRegen 1.24/turn    c - ring "Vufam" {rElec rN+ rCorr Str-2 Slay+6}
MPRegen 0.54/turn

%: guardian spirit
@: death channelling, fugue, animating dead (expiring)
A: large bone plates 2, magic shield, magic regeneration, magic link, demonic
magic 3, demonic touch 3
}: 2/15 runes: decaying, serpentine
a: Renounce Religion, Unearth Wretches, Torment


You were on level 2 of the Elven Halls.
You worshipped Kikubaaqudgha.
Kikubaaqudgha was exalted by your worship.
You visited 6 branches of the dungeon, and saw 32 of its levels.
You also visited: Gauntlet.

You collected 2697 gold pieces.
You spent 2057 gold pieces at shops.


Innate Abilities, Weirdness & Mutations

You are mostly covered in large bone plates. (SH +6)
When hurt, damage is shared between your health and your magic reserves.
You regenerate magic rapidly.
When low on magic, you restore magic in place of health.
Spells you cast and wands you use may paralyse nearby enemies.
Your touch may irresistibly damage your foes and sap their willpower.


   Skills:
 - Level 10.0 Fighting
 * Level 14.3 Staves
 - Level 12.0 Dodging
 - Level 8.0 Stealth
 + Level 16.0 Spellcasting
 - Level 4.0 Conjurations
 - Level 3.5 Hexes
 - Level 4.0 Summonings
 + Level 21.8 Necromancy
 - Level 3.0 Earth Magic


You had 8 spell levels left.
You knew the following spells:

 Your Spells              Type           Power      Damage    Failure   Level
a - Borgnjor's Vile Clut  Necr/Erth      42%        N/A       1%          5
b - Vampiric Draining     Necr           100%       2d13      0%          3
c - Haunt                 Necr/Summ      43%        N/A       6%          7
d - Martyr's Knell        Necr/Summ      86%        N/A       1%          4
e - Stone Arrow           Conj/Erth      100%       3d13      1%          3
f - Dispel Undead         Necr           100%       3d31      0%          4
h - Anguish               Hex/Necr       42%        N/A       1%          4
i - Death Channel         Necr           54%        N/A       1%          6
j - Animate Dead          Necr           100%       N/A       0%          4
k - Fugue of the Fallen   Necr           100%       N/A       0%          3

Your spell library contained the following spells:

 Spells                   Type           Power      Damage    Failure   Level
 Kiss of Death            Conj/Necr      100%       2d13      0%          1
 Necrotise                Necr           100%       1d9       0%          1
 Sublimation of Blood     Necr           100%       N/A       0%          2
 Curse of Agony           Necr           100%       N/A       0%          5
 Freeze                   Ice            100%       1d10      1%          1
 Magic Dart               Conj           100%       1d8       1%          1
 Summon Small Mammal      Summ           100%       N/A       1%          1
 Call Imp                 Summ           100%       N/A       1%          2
 Cigotuvi's Dreadful Rot  Necr/Alch/Air  100%       N/A       1%          2
 Ensorcelled Hibernation  Hex/Ice        78%        N/A       1%          2
 Jinxbite                 Hex            100%       N/A       1%          2
 Searing Ray              Conj           100%       2d8       1%          2
 Call Canine Familiar     Summ           53%        N/A       1%          3
 Confusing Touch          Hex            50%        N/A       1%          3
 Hailstorm                Conj/Ice       40%        3d9       1%          3
 Passwall                 Erth           47%        N/A       1%          3
 Summon Ice Beast         Ice/Summ       40%        N/A       1%          3
 Tukima's Dance           Hex            50%        N/A       1%          3
 Borgnjor's Revivificati  Necr           54%        N/A       1%          8
 Infestation              Necr           54%        N/A       1%          8
 Blink                    Tloc           54%        N/A       2%          2
 Lesser Beckoning         Tloc           54%        N/A       2%          2
 Mercury Vapours          Alch/Air       54%        N/A       2%          2
 Mephitic Cloud           Conj/Alch/Air  36%        N/A       2%          3
 Animate Armour           Summ/Erth      100%       N/A       3%          4
 Frozen Ramparts          Ice            54%        1d9       4%          3
 Gell's Gravitas          Tloc           27%        N/A       4%          3
 Swiftness                Air            27%        N/A       4%          3
 Teleport Other           Tloc           27%        N/A       4%          3
 Fulminant Prism          Conj/Alch      20%        3d12      6%          4
 Iskenderun's Mystic Bla  Conj/Tloc      40%        2d9       6%          4
 Summon Blazeheart Golem  Fire/Summ      40%        N/A       6%          4
 Summon Lightning Spire   Summ/Air       40%        N/A       6%          4
 Dimensional Bullseye     Hex/Tloc       19%        N/A       7%          4
 Leda's Liquefaction      Alch/Erth      18%        N/A       8%          4
 Petrify                  Alch/Erth      37%        N/A       8%          4
 Lee's Rapid Deconstruct  Erth           23%        3d13*     12%         5
 Ignite Poison            Fire/Alch      27%        N/A       14%         4
 Vhi's Electric Charge    Tloc/Air       54%        N/A       14%         4
 Arcjolt                  Conj/Air       20%        1d30      17%         5
 Metabolic Englaciation   Hex/Ice        19%        N/A       19%         5
 Yara's Violent Unravell  Hex/Alch       19%        3d9       19%         5
 Freezing Cloud           Conj/Ice/Air   18%        6-21      22%         5
 Bombard                  Conj/Erth      25%        9d5       45%         6
 Sculpt Simulacrum        Ice/Alch       13%        N/A       91%         6
 Enfeeble                 Hex            25%        N/A       96%         7
 Lehudib's Crystal Spear  Conj/Erth      25%        10d7      100%        8
 Maxwell's Capacitive Co  Air            13%        ∞         100%        8
 Death's Door             Necr           54%        N/A       19%         9

Inventory:

Hand Weapons
 g - a +3 lajatang of pain (weapon)
   (You took it off Agnes on level 1 of the Elven Halls)
Armour
 h - the +0 hat "Ylemo" (worn) {Will+ Str+2 Int+2 Slay+2}
   (You acquired it on level 8 of the Dungeon)

   Str+2:     It affects your strength (+2).
   Int+2:     It affects your intelligence (+2).
   Slay+2:    It affects your accuracy & damage with ranged weapons and melee
   (+2).
   Will+:     It increases your willpower.
 C - the +2 cloak of the Thief (worn) {*Fog Slay-2 SInv Stlth+}
   (You acquired it on level 1 of the Lair of Beasts)

   *Fog:      It may release a thick cloud of smoke when the wearer is hurt.
   Slay-2:    It affects your accuracy & damage with ranged weapons and melee
   (-2).
   SInv:      It lets you see invisible.
   Stlth+:    It makes you more stealthy.
 H - the +4 robe of Augmentation (worn) {Str+4 Int+4 Dex+4}
   (You found it on level 12 of the Dungeon)

   Str+4:     It affects your strength (+4).
   Int+4:     It affects your intelligence (+4).
   Dex+4:     It affects your dexterity (+4).
 M - the +2 robe of the Lion {rF+ rC+ rCorr Stlth- Archmagi}
   (You found it on level 1 of the Snake Pit)

   rF+:       It protects you from fire.
   rC+:       It protects you from cold.
   rCorr:     It protects you from acid and corrosion.
   Stlth-:    It makes you less stealthy.
   Archmagi:  It increases the power of your magical spells.
Magical Staves
 b - a staff of death
   (You acquired it on level 3 of the Lair of Beasts)
Jewellery
 c - the ring "Vufam" (right hand) {rElec rN+ rCorr Str-2 Slay+6}
   (You acquired it on level 8 of the Dungeon)

   [ring of resist corrosion]

   Str-2:     It affects your strength (-2).
   Slay+6:    It affects your accuracy & damage with ranged weapons and melee
   (+6).
   rElec:     It insulates you from electricity.
   rN+:       It protects you from negative energy.
   rCorr:     It protects you from acid and corrosion.
 p - a +6 ring of dexterity
   (You found it on level 4 of the Dungeon)
 q - an amulet of magic regeneration
   (You found it on level 4 of the Dungeon)
 u - an amulet of regeneration (around neck)
   (You bought it in a shop on level 2 of the Snake Pit)
 y - the ring "Elajeg" {rPois rF+ Str+3}
   (You found it in a Gauntlet)

   [ring of protection from fire]

   Str+3:     It affects your strength (+3).
   rF+:       It protects you from fire.
   rPois:     It protects you from poison
 E - a ring of see invisible
   (You found it on level 12 of the Dungeon)
 G - a ring of protection from cold
   (You found it on level 1 of the Swamp)
 J - the ring "Gaoteim" (left hand) {rPois rCorr Int+6}
   (You bought it in a shop on level 2 of the Orcish Mines)

   [ring of intelligence]

   Int+6:     It affects your intelligence (+6).
   rPois:     It protects you from poison rCorr: It protects you from acid and
   corrosion.
 O - an amulet of reflection
   (You found it on level 2 of the Swamp)
 Q - an amulet of the acrobat
   (You found it on level 4 of the Snake Pit)
 T - a +4 ring of protection
   (You found it on level 4 of the Swamp)
Wands
 j - a wand of polymorph (5)
   (You found it on level 1 of the Elven Halls)
 o - a wand of mindburst (64)
   (You found it on level 4 of the Dungeon)
 v - a wand of paralysis (8)
   (You found it on level 6 of the Dungeon)
 B - a wand of flame (56)
   (You took it off an orc on level 10 of the Dungeon)
 K - a wand of digging (4)
   (You found it on level 1 of the Snake Pit)
 N - a wand of iceblast (21)
   (You found it on level 3 of the Snake Pit)
 U - a wand of acid (3)
   (You found it on level 4 of the Swamp)
Scrolls
 d - 10 scrolls of teleportation
 f - a scroll of silence
 k - 2 scrolls of poison
 r - 3 scrolls of immolation
 t - 4 scrolls of amnesia
 w - 3 scrolls of fear
 A - 3 scrolls of fog
 D - 2 scrolls of enchant armour
 F - 11 scrolls of identify
 P - a scroll of torment
 R - a scroll of revelation
 S - a scroll of vulnerability
Potions
 a - 4 potions of lignification
 e - 6 potions of curing
 i - 6 potions of mutation
 l - 3 potions of heal wounds
 m - 4 potions of enlightenment
 n - 8 potions of might
 s - 3 potions of attraction
 x - 5 potions of haste
 z - 4 potions of ambrosia
 L - 2 potions of brilliance
Miscellaneous
 I - a condenser vane
   (You found it on level 5 of the Lair of Beasts)

Dungeon Overview and Level Annotations

Branches:
Dungeon (15/15) Zot: 25453  Temple (0/1) D:4            Lair (5/5) D:11 Zot: 22831
  Swamp (4/4) Lair:2 Zot: 20981   Snake (4/4) Lair:2 Zot: 17481   Slime (0/5) Lair:4
    Orc (2/2) D:10 Zot: 10420     Elf (2/3) Orc:2 Zot: 9293  Vaults (0/5) D:14
Gauntlet (visited)
 Depths: D:15

Altars:
Cheibriados
Fedhas
Gozag
Kikubaaqudgha
Ru
Uskayaw
Xom
Lugonu

Shops:
D:12 [?*!*   D:15 *   Orc:2 ((=[   Elf:1 (?!!=   Elf:2 [   Snake:1 :
Snake:2 =:=   Snake:4 :

Portals:
Abyss: Lair:5

Annotations:
D:11 exclusions: ice dragon, rime drake and simulacrum
D:15 3 runed translucent doors, exclusions: door and obsidian statue, Plog's ghost, journeyman DsMo
Swamp:4 1 runed translucent door, bakla's ghost, journeyman HuEE
Snake:1 3 runed translucent doors, Wyifuy's ghost, adept MiFi

##..........⌠# ...
#............#
...#
#.⌠..........#
....#
#...........##
.....
#..........##
......
#§§§§.....##
....ZZ##§§§§.⌠..##
.....(ZZZ.§....##
....ZZW@Z#######
....ZZZZ)#
......Z.ZZ.
........)...#
.............#
............(..
...............
...............


You could see 2 dancing weapons, a friendly flayed ghost (summoned), 3 friendly
spectral deep elf knights, 2 friendly spectral deep elf pyromancers, a friendly
spectral deep elf blademaster, 2 friendly spectral deep elf zephyrmancers, 3
friendly deep elf knight zombies, a friendly deep elf pyromancer zombie, a
friendly deep elf blademaster zombie and 2 friendly deep elf zephyrmancer
zombies.


Message History

Casting: Borgnjor's Vile Clutch (mildly dangerous; 1% risk of failure)
Confirm with . or Enter, or press ? or * to list all spells.
Okay, then.
Unknown command.
Casting: Borgnjor's Vile Clutch (mildly dangerous; 1% risk of failure)
Confirm with . or Enter, or press ? or * to list all spells.
Casting: Anguish (safe; 1% risk of failure)
Press: ? - help, Dir - look around, f - activate The deep elf knight is haunted by guilt! x2
The +3 halberd of venom is unaffected.
The deep elf pyromancer is haunted by guilt!
The deep elf knight resists with some effort.
Malevolent energies surge around you.
The deep elf knight suddenly stops moving!
The zombie hands constrict the deep elf knight.
Your deep elf blademaster zombie hits the deep elf knight!
Your deep elf blademaster zombie completely misses the deep elf knight.
The +3 halberd of venom hits your deep elf pyromancer zombie!!
Your spectral deep elf blademaster hits the deep elf knight!
The deep elf knight dies!
Kikubaaqudgha accepts your kill.
The dead are walking!
A glowing mist starts to gather...
The deep elf pyromancer hits your spectral deep elf zephyrmancer with a +0 short sword!
The deep elf pyromancer is wracked by anguish. x2
The deep elf knight hits your deep elf pyromancer zombie with a +0 scimitar!!
The deep elf knight is wracked by anguish!
Your martyred shade wails in agony as it relives its own death.
Terrible wounds open up all over the deep elf knight's body! x2
The deep elf knight is wracked by anguish!
Your deep elf pyromancer zombie misses the +3 halberd of venom.
The +3 halberd of venom hits your deep elf pyromancer zombie!!
Your spectral deep elf zephyrmancer closely misses the deep elf pyromancer. 😨 MP[-3]
You lost 3 mp, and now have 2/40 mp.
Unknown command.
Unknown command.
Unknown command.
The helpless deep elf knight fails to defend itself.
You cut the deep elf knight into ribbons!!!
You kill the deep elf knight!
Kikubaaqudgha accepts your kill.
The dead are walking!
A glowing mist starts to gather...
Your spectral deep elf blademaster hits the deep elf pyromancer! x2
Your spectral deep elf blademaster drains the deep elf pyromancer.
The +3 halberd of venom hits your deep elf pyromancer zombie!!
Your deep elf pyromancer zombie is destroyed!
Your deep elf blademaster zombie hits the deep elf pyromancer.
The deep elf pyromancer dies!
Kikubaaqudgha accepts your kill.
The dead are walking!
A glowing mist starts to gather...
The deep elf knight misses your deep elf knight zombie. 😨 MP[+2]
You regained 2 mp, and now have 4/40 mp.
Unknown command.
Casting: Anguish (safe; 1% risk of failure)
Confirm with . or Enter, or press ? or * to list all spells.
Okay, then.
The deep elf knight hits your deep elf knight zombie with a +0 scimitar!
The deep elf knight is wracked by anguish! 😨 MP[+2]
You regained 2 mp, and now have 6/40 mp.
Unknown command.
You block the +3 halberd of venom's attack.
Your flayed ghost completely misses the +3 halberd of venom.
Your deep elf knight zombie hits the deep elf knight!
The deep elf knight dies!
Kikubaaqudgha accepts your kill.
The dead are walking!
A glowing mist starts to gather...
The +3 halberd of venom closely misses you. 😨 MP[+2]
You regained 2 mp, and now have 8/40 mp.
Unknown command.
Your flayed ghost hits the +3 halberd of venom.
Your spectral deep elf zephyrmancer hits the +3 halberd of venom but does no damage.
The +3 halberd of venom hits you from afar!
* * * LOW HITPOINT WARNING * * *
Your deep elf knight zombie completely misses the +3 halberd of venom.
A +6 heavy glaive comes into view. 😨 HP[-12] MP[-2]
You take 12 damage, and now have 41/147 hp.
You lost 2 mp, and now have 6/40 mp.
Unknown command.
Casting: Anguish (safe; 1% risk of failure)
Confirm with . or Enter, or press ? or * to list all spells.
Aiming: Borgnjor's Vile Clutch (mildly dangerous; 1% risk of failure)
Press: ? - help, Shift-Dir - straight line, f - +3 halberd of venom
Aim: a +3 halberd of venom (moderately damaged, ally target, 100% to hit)
Your deep elf knight zombie is unaffected.
Zombie hands grab the +3 halberd of venom.
Malevolent energies surge around you.
Your reaping aura is weakening.
The zombie hands constrict the +3 halberd of venom.
The +3 halberd of venom hits you from afar!!
* * * LOW HITPOINT WARNING * * *
Your flayed ghost hits the +3 halberd of venom!
Your spectral deep elf zephyrmancer barely misses the +3 halberd of venom.
Your deep elf knight zombie hits the +3 halberd of venom.
The +3 halberd of venom hits you from afar!!
You die...
Kikubaaqudgha rasps: You have failed me!
Welcome... death!

Skill      XL: |  1  2  3  4  5  6  7  8  9 10 11 12 13 14 15 16 17 18 19 20 |
---------------+-------------------------------------------------------------+-----
Stealth        | 2 3 4 6 8 |  8.0
Necromancy     | 5 6 7 10 13 14 17 18 19 20 21 | 21.8
Spellcasting   | 3 4 6 8 11 12 13 15 16 | 16.0
Summonings     | 1 4 |  4.0
Earth Magic    | 3 |  3.0
Fighting       | 5 6 10 | 10.0
Conjurations   | 3 4 |  4.0
Dodging        | 3 6 9 10 12 | 12.0
Hexes          | 3 |  3.5
Staves         | 6 9 12 14 | 14.3

Action                     |  1- 3 |  4- 6 |  7- 9 | 10-12 | 13-15 | 16-18 | 19-21 || total
---------------------------+-------+-------+-------+-------+-------+-------+-------++-------
  Melee: Unarmed           |    25 |    47 |    93 |   142 |   108 |       |       ||   415
         Touch             |     2 |    14 |    24 |    42 |    90 |    25 |    23 ||   220
         Punch             |       |     1 |     4 |     5 |       |       |       ||    10
         Staff             |       |       |       |       |   264 |   104 |   130 ||   498
         Lajatang          |       |       |       |       |       |       |    86 ||    86
   Cast: Necrotise         |    61 |    92 |   113 |    34 |     1 |       |       ||   301
         Vampiric Draining |       |    19 |   111 |   125 |    59 |    24 |    36 ||   374
         Animate Dead      |       |     1 |    10 |    16 |    29 |    16 |    19 ||    91
         Stone Arrow       |       |       |       |   142 |   103 |    26 |    76 ||   347
         Martyr's Knell    |       |       |       |     8 |    20 |     8 |     9 ||    45
         Anguish           |       |       |       |    22 |    35 |    27 |    24 ||   108
         Fugue of the Fall |       |       |       |     4 |    15 |    15 |     9 ||    43
         Dispel Undead     |       |       |       |     7 |     1 |       |       ||     8
         Borgnjor's Vile C |       |       |       |       |   102 |    70 |    78 ||   250
         Death Channel     |       |       |       |       |    33 |    18 |    17 ||    68
         Haunt             |       |       |       |       |     7 |     7 |    61 ||    75
 Invoke: Unearth Wretches  |       |       |       |     1 |     2 |     2 |       ||     5
         Receive Forbidden |       |       |       |       |     1 |       |       ||     1
  Evoke: Wand              |       |       |       |     6 |     3 |       |       ||     9
    Use: Potion            |     2 |       |     1 |    11 |     7 |     8 |       ||    29
         Scroll            |       |       |    14 |    19 |     8 |     4 |     3 ||    48
   Stab: Paralysed         |       |     4 |    14 |    50 |    57 |    27 |    21 ||   173
         Sleeping          |       |       |     3 |       |       |       |       ||     3
         Distracted        |       |       |     1 |       |     9 |     4 |     2 ||    16
 Armour: Robe              |    57 |    37 |   114 |   182 |   390 |   154 |   246 ||  1180
         Troll leather arm |       |       |       |     7 |       |       |       ||     7
         Skin              |       |       |       |    45 |       |    12 |       ||    57
  Dodge: Dodged            |    40 |    46 |   110 |   164 |   500 |   197 |   242 ||  1299
  Block: Other             |       |    12 |    34 |    48 |   144 |    46 |    68 ||   352

Levels and vault maps discovered:
D:1:      dpeg_arrival_renting, layout_basic, amcnicky_mini_corridor_feature
D:2:      layout_basic, shapermc_ecumenical_altar_ellora, uniq_natasha,
          uniq_robin
D:3:      layout_basic
D:4:      layout_rooms, minmay_temple_entry_trees
D:5:      layout_loops_ring, mainiacjoe_overflow_tiny_flanked
D:6:      layout_rooms, slow_altar_2, elyvilon_altar_1, uniq_blork_the_orc
D:7:      layout_basic
D:8:      layout_basic, kennysheep_cluttered_room, uniq_jeremiah
D:9:      layout_roguey, grunt_temple_overflow_growth_and_decay,
          xom_teletrap_fun
D:10:     layout_small_grid, orc_0_dummy
D:11:     minmay_coctagon, layout_gridville, david_lair_shrubbed, uniq_maurice
D:12:     layout_stronghold, serial_shops, nicolae_shop_advertising_works
          [nicolae_subvault_shop_adworks], shop, nicolae_shop_real_fake_doors,
          nicolae_shop_overgrown_old_shop, nicolae_shop_window_shopping,
          nrook_guardian_serpent_ordinary, uniq_nergalle
D:13:     layout_basic, uniq_nessos
D:14:     layout_layer_cave, hellmonk_vaults_attempted_burglary,
          nicolae_uskayaw_suspiria
D:15:     grunt_enter_depths_snipers, layout_loops_corners,
          gauntlet_entry_generic, ebering_ghost_gozag
Lair:1:   layout_gridlike, lemuel_fruit_tree, uniq_grum
Lair:2:   layout_long_grid, palyth_hydra_swamp_entry,
          minmay_snake_entry_six_corridors, gammafunk_ghost_berserking_beasts,
          guppyfry_lair_drakes
Lair:3:   layout_misc_corridors, portal_ice_cave_entry_pillars_2,
          chequers_serial_rivers_large_b, grunt_megastairs_4, uniq_gastronok
Lair:4:   layout_loops_ring, nicolae_slime_entry_field_trip
Lair:5:   hellmonk_lair_end_abyssal_woods, layout_hall_layers,
          grunt_megastairs_5
Swamp:1:  layout_basic_swamp, infiniplex_staircase_pool, swamp_pool_3,
          nicolae_swamp_tree_isthmus
Swamp:2:  layout_falls_marsh, evilmike_swamp_ruin_house_4
Swamp:3:  layout_basic_swamp, hangedman_swamp_lotus
Swamp:4:  swamp, layout_basic_swamp, ebering_ghost_inner_flame,
          infiniplex_staircase_pool_2
Snake:1:  nicolae_snake_attic_fulla_snakes, layout_onion,
          ebering_ghost_rock_garden, nicolae_shop_i_like_small_books_too,
          grunt_megastairs_3
Snake:2:  layout_rooms, minmay_shop_grove
Snake:3:  layout_layer_cave
Snake:4:  grunt_snake_rune_pools, layout_onion, serial_shops,
          nicolae_shop_hallway_stairs, nicolae_snake_springs
Orc:1:    layout_caves, basic_altar
Orc:2:    grunt_orc_tribal_feast, layout_caves, blackcustard_rock_pile
Elf:1:    eino_elf_arrival_customs, layout_gridlike, serial_shops, shop,
          nicolae_elf_blasts_and_bolts, grunt_megastairs_2, minmay_shoptagon,
          uniq_agnes, uniq_jorgrun
Elf:2:    nicolae_elf_blades_crystal_corner, layout_geoelf_octagon,
          serial_shops, shop_statue, grunt_ministairs_2

Notes
Turn   | Place    | Note
-------+----------+-------------------------------------------
     0 | D:1      | ytrimaz the Demonspawn Necromancer began the quest for the
                  | Orb.
     0 | D:1      | Reached XP level 1. HP: 13/13 MP: 3/3
     0 | D:1      | magus.rc [v1.9.6]
    66 | D:1      | HP: 2/13 [jackal (2)]
   304 | D:1      | Gained mutation: Your touch may inflict minor irresistible
                  | damage on your foes. [demonic ancestry]
   304 | D:1      | Reached XP level 2. HP: 19/19 MP: 1/5
   368 | D:1      | Reached skill level 2 in Stealth
   810 | D:1      | Gained mutation: You regenerate magic rapidly. [demonic
                  | ancestry]
   810 | D:1      | Reached XP level 3. HP: 24/24 MP: 1/6
  1294 | D:2      | Noticed Robin
  1313 | D:2      | HP: 4/24 [Robin/+0 spear (3)]
  1316 | D:1      | Reached skill level 5 in Necromancy
  1411 | D:1      | HP: 4/24 [goblin/+0 club[Robin] (4)]
  1550 | D:2      | Gained mutation: You are partially covered in large bone
                  | plates. (SH +4) [demonic ancestry]
  1550 | D:2      | Reached XP level 4. HP: 30/30 MP: 6/8
  1597 | D:2      | Noticed Natasha
  1606 | D:2      | Killed Natasha
  1607 | D:2      | Reached skill level 3 in Spellcasting
  1646 | D:2      | Noticed Natasha
  1653 | D:2      | Killed Natasha
  1654 | D:2      | Reached skill level 3 in Stealth
  1740 | D:2      | Identified the +8 quarterstaff of Qepn {antimagic, Str+3}
  1867 | D:2      | Noticed Natasha
  1872 | D:2      | Killed Natasha
  1873 | D:2      | Gained mutation: Spells you cast may paralyse adjacent
                  | enemies. [demonic ancestry]
  1873 | D:2      | Reached XP level 5. HP: 35/35 MP: 5/9
  2189 | D:2      | Killed Robin
  2281 | D:2      | Found a faded altar of an unknown god.
  2299 | D:2      | Learned a level 3 spell: Vampiric Draining
  2304 | D:2      | Learned a level 4 spell: Animate Dead
  2429 | D:2      | You fall into a shaft and drop 1 floor!
  2876 | D:3      | You pick up a book of Armaments and begin reading...
  2876 | D:3      | You add the spells Stone Arrow, Animate Armour and
                  | Lehudib's Crystal Spear to your library.
  2908 | D:3      | You pick up a book of Necromancy and begin reading...
  3535 | D:4      | HP: 4/35 [orc priest/divine providence (12)]
  3666 | D:4      | Gained mutation: Your touch may inflict irresistible damage
                  | on your foes. [demonic ancestry]
  3666 | D:4      | Reached XP level 6. HP: 41/41 MP: 3/11
  3672 | D:4      | Learned a level 4 spell: Martyr's Knell
  3870 | D:4      | Found a staircase to the Ecumenical Temple.
  3897 | D:4      | Reached skill level 6 in Necromancy
  3924 | D:4      | Reached skill level 4 in Stealth
  3976 | D:4      | Reached skill level 4 in Spellcasting
  4063 | D:4      | You pick up a book of Vapours and begin reading...
  4063 | D:4      | You add the spells Mercury Vapours, Mephitic Cloud and
                  | Freezing Cloud to your library.
  4276 | D:5      | Entered Level 5 of the Dungeon
  4345 | D:5      | Gained mutation: When hurt, damage is shared between your
                  | health and your magic reserves. [demonic ancestry]
  4345 | D:5      | Reached XP level 7. HP: 46/46 MP: 5/13
  4446 | D:5      | Reached skill level 5 in Spellcasting
  4446 | D:5      | Reached skill level 7 in Necromancy
  4729 | D:5      | Reached skill level 6 in Spellcasting
  4883 | D:5      | You pick up a book of Misfortune and begin reading...
  4883 | D:5      | You add the spells Jinxbite, Yara's Violent Unravelling and
                  | Enfeeble to your library.
  5088 | D:5      | Found a sacrificial altar of Ru.
  5230 | D:6      | Reached skill level 1 in Summonings
  5230 | D:6      | Reached XP level 8. HP: 52/52 MP: 10/17
  5366 | D:6      | Reached skill level 2 in Summonings
  5401 | D:6      | Reached skill level 7 in Spellcasting
  5401 | D:6      | Reached skill level 3 in Summonings
  5401 | D:6      | You add the spells Vhi's Electric Charge, Arcjolt and
                  | Maxwell's Capacitive Coupling to your library.
  5410 | D:6      | Learned a level 3 spell: Stone Arrow
  5546 | D:6      | Noticed Blork the orc
  5553 | D:6      | Killed Blork the orc
  5632 | D:6      | Found a snail-covered altar of Cheibriados.
  5694 | D:6      | Reached skill level 4 in Summonings
  5894 | D:7      | You pick up a book of Touch and begin reading...
  5894 | D:7      | You add the spells Kiss of Death, Confusing Touch and
                  | Dispel Undead to your library.
  5963 | D:7      | Reached skill level 8 in Spellcasting
  5978 | D:7      | HP: 13/52 [poisoned by a killer bee]
  6275 | D:7      | Reached XP level 9. HP: 57/57 MP: 10/21
  6330 | D:7      | Reached skill level 9 in Spellcasting
  6394 | D:7      | Reached skill level 1 in Earth Magic
  6842 | D:8      | Reached skill level 2 in Earth Magic
  6938 | D:8      | Identified 2 scrolls of acquirement
  6940 | D:8      | Acquired the ring "Vufam" {rElec rN+ rCorr Str-2 Slay+6}
  6946 | D:8      | Acquired the +0 hat "Ylemo" {Will+ Str+2 Int+2 Slay+2}
  7039 | D:8      | Reached skill level 3 in Earth Magic
  7374 | D:8      | Noticed Jeremiah
  7408 | D:8      | Killed Jeremiah
  7409 | D:8      | Reached skill level 10 in Spellcasting
  7924 | D:9      | Reached skill level 11 in Spellcasting
  7924 | D:9      | Gained mutation: Spells you cast may paralyse nearby
                  | enemies. [demonic ancestry]
  7924 | D:9      | Reached XP level 10. HP: 63/63 MP: 5/25
  8292 | D:9      | Reached skill level 12 in Spellcasting
  8296 | D:9      | Reached skill level 1 in Fighting
  8296 | D:9      | Reached skill level 1 in Conjurations
  8400 | D:9      | Found a shimmering altar of Xom.
  8645 | D:9      | Identified the +3 buckler "Giok" {Harm rElec rF- MP+9}
  8762 | D:9      | Found an ancient bone altar of Kikubaaqudgha.
  8763 | D:9      | Found a blossoming altar of Fedhas.
  9022 | D:9      | Became a worshipper of Kikubaaqudgha
  9051 | D:10     | Entered Level 10 of the Dungeon
  9178 | D:10     | Reached skill level 2 in Fighting
  9178 | D:10     | Reached skill level 2 in Conjurations
  9267 | D:10     | You pick up a book of Dreams and begin reading...
  9267 | D:10     | You add the spells Ensorcelled Hibernation, Fugue of the
                  | Fallen and Anguish to your library.
  9342 | D:10     | You pick up a book of Weapons and begin reading...
  9342 | D:10     | You add the spells Tukima's Dance, Dimensional Bullseye and
                  | Iskenderun's Mystic Blast to your library.
  9437 | D:10     | You add the spells Cigotuvi's Dreadful Rot and Ignite
                  | Poison to your library.
  9687 | D:10     | Found a staircase to the Orcish Mines.
  9879 | D:11     | Noticed a two-headed ogre
  9886 | D:11     | Killed a two-headed ogre
  9887 | D:11     | Reached skill level 4 in Fighting
  9887 | D:11     | Reached skill level 3 in Conjurations
  9935 | D:11     | Learned a level 4 spell: Dispel Undead
  9939 | D:11     | Learned a level 3 spell: Fugue of the Fallen
  9944 | D:11     | Learned a level 4 spell: Anguish
  9944 | D:11     | Found a staircase to the Lair.
  9985 | D:11     | Reached skill level 2 in Dodging
 10084 | D:11     | Noticed Maurice
 10093 | D:11     | Something stole 566 gold
 10099 | D:11     | Something stole 23 gold
 10104 | D:11     | Killed Maurice
 10105 | D:11     | Reached skill level 5 in Fighting
 10144 | D:11     | Noticed a two-headed ogre
 10152 | D:11     | Killed a two-headed ogre
 10153 | D:11     | Reached skill level 3 in Dodging
 10153 | D:11     | Reached XP level 11. HP: 68/80 MP: 14/27
 10191 | D:11     | You pick up a book of the Earth and begin reading...
 10191 | D:11     | You add the spells Leda's Liquefaction, Lee's Rapid
                  | Deconstruction and Bombard to your library.
 10214 | D:11     | Noticed a boulder beetle
 10233 | D:11     | Killed a boulder beetle
 10237 | D:11     | Reached * piety under Kikubaaqudgha
 10237 | D:11     | Received a gift from Kikubaaqudgha
 10320 | D:11     | Noticed a two-headed ogre
 10328 | D:11     | Killed a two-headed ogre
 10329 | D:11     | Reached skill level 6 in Fighting
 10329 | D:11     | Reached skill level 8 in Necromancy
 10421 | D:11     | Noticed an ice dragon
 10453 | D:11     | Noticed a boulder beetle
 10463 | D:11     | Killed a boulder beetle
 10464 | D:11     | Reached skill level 4 in Dodging
 10711 | D:12     | Found Osyer's Assorted Antiques.
 10743 | D:12     | Bought a murky purple potion for 36 gold pieces
 10743 | D:12     | Bought a murky purple potion for 36 gold pieces
 10813 | D:12     | Noticed a two-headed ogre
 10816 | D:12     | HP: 18/82 [two-headed ogre/+0 giant club (14)]
 10821 | D:11     | HP: 12/82 [poisoned by a guardian serpent (bolt of poison)]
 11085 | D:12     | Found Amomupyn's Magic Scroll Emporium.
 11093 | D:12     | Bought a scroll of teleportation for 42 gold pieces
 11093 | D:12     | Bought a scroll of blinking for 105 gold pieces
 11093 | D:12     | Bought a scroll of identify for 28 gold pieces
 11400 | D:12     | Found Mokech's Armour Boutique.
 11403 | D:12     | Bought a +2 troll leather armour for 324 gold pieces
 11558 | D:12     | Found Qiulen's General Store.
 11672 | D:12     | Noticed Nergalle
 11690 | D:12     | Killed Nergalle
 11691 | D:12     | Found Ostrumysiu's Distillery.
 11695 | D:12     | Found the +4 robe of Augmentation {Str+4 Int+4 Dex+4}
 11735 | D:12     | Killed a two-headed ogre
 11736 | D:12     | Reached skill level 5 in Dodging
 11873 | D:13     | Reached skill level 4 in Conjurations
 11969 | D:13     | Reached skill level 9 in Necromancy
 12002 | D:13     | You pick up a book of Frost and begin reading...
 12002 | D:13     | You add the spells Freeze, Frozen Ramparts and Hailstorm to
                  | your library.
 12043 | D:13     | Noticed a white ugly thing
 12049 | D:13     | Killed a white ugly thing
 12201 | D:13     | Noticed a boulder beetle
 12231 | D:13     | Killed a boulder beetle
 12337 | D:13     | Noticed a centaur warrior
 12349 | D:13     | Killed a centaur warrior
 12350 | D:13     | Reached skill level 6 in Dodging
 12513 | D:13     | Reached skill level 10 in Necromancy
 12563 | D:13     | Noticed a two-headed ogre
 12571 | D:13     | Killed a two-headed ogre
 12669 | D:13     | Noticed Nessos
 12677 | D:13     | HP: 18/83 [Nessos/arrow (5)]
 12682 | D:13     | HP: 12/83 [poisoned by Nessos]
 12925 | Orc:1    | Entered Level 1 of the Orcish Mines
 12934 | Orc:1    | Gained mutation: You are mostly covered in large bone
                  | plates. (SH +6) [demonic ancestry]
 12934 | Orc:1    | Reached XP level 12. HP: 89/89 MP: 13/28
 12936 | Orc:1    | Noticed an orc warlord
 13170 | D:13     | Killed Nessos
 13171 | D:13     | Reached skill level 7 in Dodging
 13521 | D:14     | Noticed a two-headed ogre
 13530 | D:14     | Killed a two-headed ogre
 13530 | D:14     | Reached ** piety under Kikubaaqudgha
 13535 | D:14     | Reached skill level 11 in Necromancy
 13706 | D:14     | Noticed a boulder beetle
 13723 | D:14     | Killed a boulder beetle
 13886 | D:14     | Reached skill level 8 in Dodging
 14074 | D:14     | Noticed a centaur warrior
 14085 | D:14     | Killed a centaur warrior
 14216 | D:14     | Found a gate to the Vaults.
 14320 | D:14     | Noticed a tengu warrior
 14330 | D:14     | Killed a tengu warrior
 14331 | D:14     | Reached skill level 12 in Necromancy
 14459 | D:14     | Found a hide-covered altar of Uskayaw.
 14713 | D:15     | Entered Level 15 of the Dungeon
 14787 | D:15     | You pick up a book of Minor Magic and begin reading...
 14787 | D:15     | You add the spells Magic Dart, Blink and Call Imp to your
                  | library.
 14811 | D:15     | Found a runed translucent gate.
 14811 | D:15     | Found a runed translucent gate.
 14811 | D:15     | Found a runed translucent gate.
 14812 | D:15     | Found an opulent altar of Gozag.
 14812 | D:15     | Found Syof Sie's Assorted Antiques.
 14812 | D:15     | Noticed a deep troll earth mage
 14813 | D:15     | Noticed Plog's ghost (journeyman DsMo)
 14814 | D:15     | Noticed a fire dragon
 14863 | D:15     | Noticed a tengu warrior
 14937 | D:15     | Noticed a centaur warrior
 14946 | D:15     | Killed a centaur warrior
 14981 | D:15     | Noticed a tengu warrior
 14985 | D:15     | Found a gate leading to a gauntlet.
 14993 | D:15     | Killed a tengu warrior
 14994 | D:15     | Reached skill level 9 in Dodging
 15016 | Gauntlet | Entered a Gauntlet
 15016 | Gauntlet | Found a transporter.
 15016 | Gauntlet | Found a transporter.
 15016 | Gauntlet | Found a transporter.
 15039 | Gauntlet | Found a transporter.
 15042 | Gauntlet | Found a transporter.
 15042 | Gauntlet | Found a transporter.
 15044 | Gauntlet | Noticed a catoblepas
 15047 | Gauntlet | Noticed a green death
 15056 | Gauntlet | Found a transporter.
 15058 | Gauntlet | Found a transporter.
 15058 | Gauntlet | Found a large runed translucent door.
 15059 | Gauntlet | Found a large runed translucent door.
 15060 | Gauntlet | Found a large runed translucent door.
 15060 | Gauntlet | Found a large runed translucent door.
 15060 | Gauntlet | Found a runed translucent door.
 15061 | Gauntlet | Found a large runed translucent door.
 15062 | Gauntlet | Found a large runed translucent door.
 15063 | Gauntlet | Found a large runed translucent door.
 15063 | Gauntlet | Found a large runed translucent door.
 15064 | Gauntlet | Found a runed translucent gate.
 15066 | Gauntlet | Found a transporter.
 15069 | Gauntlet | Noticed a reaper
 15074 | Gauntlet | Found a transporter.
 15074 | Gauntlet | Found a runed translucent gate.
 15075 | Gauntlet | Found a runed translucent gate.
 15076 | Gauntlet | Found a large runed translucent door.
 15076 | Gauntlet | Found a large runed translucent door.
 15077 | Gauntlet | Found a large runed translucent door.
 15078 | Gauntlet | Found a large runed translucent door.
 15087 | Gauntlet | Found a large runed translucent door.
 15087 | Gauntlet | Found a large runed translucent door.
 15087 | Gauntlet | Found a runed translucent door.
 15088 | Gauntlet | Found a large runed translucent door.
 15089 | Gauntlet | Found a large runed translucent door.
 15091 | Gauntlet | Found a transporter.
 15095 | Gauntlet | Found a transporter.
 15242 | Gauntlet | Identified the +1 kite shield "Wit Xab" {rElec rN+++ MP+9
                  | Dex-2}
 15303 | Gauntlet | Killed a green death
 15451 | Gauntlet | Identified the ring "Elajeg" {rPois rF+ Str+3}
 15457 | Gauntlet | You pick up a book of Conjurations and begin reading...
 15457 | Gauntlet | You add the spells Searing Ray and Fulminant Prism to your
                  | library.
 15539 | Gauntlet | Identified the +2 pair of gloves of Gepo Bus {rN+ Int+3}
 15633 | Gauntlet | Identified the +9 short sword of Corpus Delicti {drain,
                  | ^Fragile rPois rC+ Str+3}
 15633 | Gauntlet | Noticed a minotaur
 15646 | Gauntlet | HP: 19/85 [minotaur/the +9 short sword of Corpus Delicti
                  | {drain, ^Fragile rPois rC+ Str+3} (4)]
 16138 | D:15     | Noticed an ogre mage
 16139 | D:15     | Noticed a two-headed ogre
 16150 | D:15     | Noticed a two-headed ogre
 16152 | D:15     | Noticed a two-headed ogre
 16155 | D:15     | Killed an ogre mage
 16156 | D:15     | Reached skill level 13 in Necromancy
 16156 | D:15     | Reached XP level 13. HP: 34/94 MP: 6/29
 16166 | D:15     | Reached skill level 10 in Dodging
 16177 | D:15     | Reached skill level 1 in Hexes
 16185 | D:15     | Reached skill level 2 in Hexes
 16348 | D:15     | Reached skill level 7 in Fighting
 16564 | D:15     | Reached skill level 3 in Hexes
 16850 | Lair:1   | Entered Level 1 of the Lair of Beasts
 16995 | Lair:1   | You pick up a book of Displacement and begin reading...
 16995 | Lair:1   | You add the spells Lesser Beckoning, Gell's Gravitas and
                  | Teleport Other to your library.
 17018 | Lair:1   | Noticed Grum
 17029 | Lair:1   | Killed Grum
 17262 | Lair:1   | Reached skill level 8 in Fighting
 17404 | Lair:1   | Identified the +5 flail "Suel" {holy, Stlth+}
 17427 | Lair:1   | Acquired the +2 cloak of the Thief {*Fog Slay-2 SInv
                  | Stlth+}
 17427 | Lair:1   | Found the +2 cloak of the Thief {*Fog Slay-2 SInv Stlth+}
 17768 | Lair:2   | Reached skill level 9 in Fighting
 17785 | Lair:2   | Found a staircase to the Snake Pit.
 17818 | Lair:2   | Reached *** piety under Kikubaaqudgha
 17818 | Lair:2   | You add the spells Borgnjor's Vile Clutch and Death Channel
                  | to your library.
 17818 | Lair:2   | Received a gift from Kikubaaqudgha
 17825 | Lair:2   | Learned a level 5 spell: Borgnjor's Vile Clutch
 17859 | Lair:2   | Learned a level 6 spell: Death Channel
 18008 | Lair:2   | Found a transporter.
 18069 | Lair:2   | Noticed jboons's ghost (journeyman MDMo)
 18116 | Lair:2   | Reached skill level 10 in Fighting
 18382 | Lair:2   | Reached skill level 14 in Necromancy
 18487 | Lair:2   | Found a transporter.
 18590 | Lair:2   | Found a staircase to the Swamp.
 19124 | Lair:3   | HP: 15/103 [death yak (16)]
 19146 | Lair:3   | Reached **** piety under Kikubaaqudgha
 19147 | Lair:3   | Reached XP level 14. HP: 40/110 MP: 8/30
 19149 | Lair:3   | Reached skill level 15 in Necromancy
 19172 | Lair:3   | Acquired a staff of death
 19557 | Lair:3   | Noticed Gastronok
 19575 | Lair:3   | HP: 24/110 [yak[a torpor snail] (11)]
 19580 | Lair:3   | HP: 15/110 [poisoned by a water moccasin]
 19588 | Lair:3   | HP: 25/110 [Gastronok/the air (11)]
 19594 | Lair:3   | HP: 27/110 [river rat[Gastronok] (1)]
 19595 | Lair:3   | HP: 11/110 [Gastronok/the air (16)]
 19595 | Lair:3   | Killed Gastronok
 19603 | Lair:2   | Reached skill level 16 in Necromancy
 19952 | Lair:3   | You pick up a book of the Tundra and begin reading...
 19952 | Lair:3   | You add the spells Summon Ice Beast and Sculpt Simulacrum
                  | to your library.
 20461 | Lair:4   | Reached ***** piety under Kikubaaqudgha
 20495 | Lair:4   | Found a staircase to the Slime Pits.
 21179 | Lair:5   | Entered Level 5 of the Lair of Beasts
 21352 | Lair:5   | Reached skill level 17 in Necromancy
 21696 | Lair:5   | HP: 23/110 [komodo dragon (18)]
 22045 | Lair:5   | Reached skill level 13 in Spellcasting
 22045 | Lair:5   | HP: 25/110 [large abomination (11)]
 22284 | Lair:5   | Found a corrupted altar of Lugonu.
 22284 | Lair:5   | Found a one-way gate to the infinite horrors of the Abyss.
 22562 | Lair:5   | Reached XP level 15. HP: 86/115 MP: 24/32
 22670 | Lair:5   | magus.rc [v1.9.6]
 23049 | Lair:5   | Reached skill level 18 in Necromancy
 23563 | Orc:1    | Reached ****** piety under Kikubaaqudgha
 23900 | Orc:2    | Entered Level 2 of the Orcish Mines
 23900 | Orc:2    | Found a staircase to the Elven Halls.
 24378 | Orc:2    | Reached skill level 14 in Spellcasting
 24424 | Orc:2    | HP: 27/115 [orc priest/divine providence (8)]
 24655 | Orc:2    | Found Pun Biul's Antique Armour Shoppe.
 24655 | Orc:2    | Found Ruysyr's Antique Weapon Shop.
 24657 | Orc:2    | Found Qiusk's Jewellery Shoppe.
 24657 | Orc:2    | Found Pojythruh's Weapon Shop.
 24672 | Orc:2    | Bought the ring "Gaoteim" {rPois rCorr Int+6} for 686 gold
                  | pieces
 24995 | Elf:1    | Entered Level 1 of the Elven Halls
 25019 | Elf:1    | Reached skill level 15 in Spellcasting
 25073 | Orc:2    | You add the spells Haunt, Borgnjor's Revivification,
                  | Infestation and Death's Door to your library.
 25073 | Orc:2    | Received a gift from Kikubaaqudgha (forbidden knowledge)
 25086 | Orc:2    | Learned a level 7 spell: Haunt
 25202 | Lair:2   | Killed jboons's ghost
 25204 | Lair:2   | Identified the ring of Lies {Fly rElec rF- Will+}
 25385 | Snake:1  | Entered Level 1 of the Snake Pit
 25385 | Snake:1  | Found Goehoowy's Tiny Tomes.
 25486 | Snake:1  | Reached skill level 5 in Stealth
 25699 | Snake:1  | Identified the +2 robe of the Lion {rF+ rC+ rCorr Stlth-
                  | Archmagi}
 26050 | Snake:1  | HP: 28/115 [anaconda (6)]
 26051 | Snake:1  | HP: 12/115 [constriction (4)]
 26342 | Snake:1  | Found a runed translucent gate.
 26575 | Snake:1  | Found a runed translucent gate.
 26575 | Snake:1  | Found a runed translucent gate.
 26586 | Snake:1  | Reached skill level 6 in Stealth
 26591 | Snake:1  | Noticed Wyifuy's ghost (adept MiFi)
 26646 | Snake:1  | Reached XP level 16. HP: 122/122 MP: 35/35
 26923 | Snake:1  | HP: 30/122 [naga warrior/+1 mace of venom (29)]
 26928 | Snake:1  | HP: 36/183 [guardian serpent/bolt of poison (4)]
 26930 | Snake:1  | HP: 5/183 [guardian serpent (14)]
 26936 | Snake:1  | Reached skill level 11 in Dodging
 27509 | Snake:2  | HP: 29/122 [black mamba (13)]
 27554 | Snake:2  | HP: 30/122 [naga sharpshooter/arrow (5)]
 27559 | Snake:2  | HP: 23/122 [poisoned by a naga (splash of poison)]
 27918 | Snake:2  | Reached skill level 7 in Stealth
 27930 | Snake:2  | HP: 30/122 [naga/+0 mace (14)]
 28328 | Snake:2  | You pick up a book of Burglary and begin reading...
 28328 | Snake:2  | You add the spells Swiftness and Passwall to your library.
 28387 | Snake:2  | You pick up a book of Sloth and begin reading...
 28387 | Snake:2  | You add the spells Petrify and Metabolic Englaciation to
                  | your library.
 28522 | Snake:2  | Found Ymeerch's Book Boutique.
 28523 | Snake:2  | Found Heid's Jewellery Shoppe.
 28523 | Snake:2  | Found Hahicw's Jewellery Shoppe.
 28535 | Snake:2  | Reached skill level 19 in Necromancy
 28538 | Snake:2  | Bought an amulet of regeneration for 540 gold pieces
 28775 | Snake:3  | You pick up a book of Iron and begin reading...
 29410 | Snake:3  | Reached skill level 1 in Staves
 29606 | Snake:3  | Reached skill level 2 in Staves
 30036 | Snake:4  | Entered Level 4 of the Snake Pit
 30036 | Snake:4  | Found Zevesez's Book Shoppe.
 30093 | Snake:4  | Reached skill level 8 in Stealth
 30107 | Snake:4  | Reached skill level 3 in Staves
 30294 | Snake:4  | Reached skill level 4 in Staves
 30314 | Snake:4  | Reached skill level 12 in Dodging
 30596 | Snake:4  | Reached skill level 5 in Staves
 31075 | Snake:4  | HP: 29/122 [shock serpent (10)]
 31080 | Snake:4  | HP: 28/122 [constriction (3)]
 31086 | Snake:4  | HP: 22/122 [shock serpent/bolt of electricity (9)]
 31102 | Snake:4  | HP: 28/122 [shock serpent/bolt of electricity (5)]
 31115 | Snake:4  | Reached skill level 6 in Staves
 31115 | Snake:4  | Reached XP level 17. HP: 39/128 MP: 4/36
 31220 | Snake:4  | HP: 48/192 [poisoned by a nagaraja (splash of poison)]
 31225 | Snake:4  | HP: 26/192 [poisoned by a nagaraja (bolt of poison)]
 31227 | Snake:4  | HP: 10/128 [poisoned by a nagaraja (bolt of poison)]
 31232 | Snake:4  | HP: 16/128 [nagaraja/bolt of poison (8)]
 31465 | Snake:4  | Reached skill level 7 in Staves
 31474 | Snake:4  | Reached skill level 20 in Necromancy
 31478 | Snake:4  | Reached skill level 8 in Staves
 31500 | Snake:4  | Got a serpentine rune of Zot
 31806 | Snake:4  | Identified 2 potions of experience
 31807 | Snake:4  | Reached skill level 9 in Staves
 31807 | Snake:4  | Gained mutation: When low on magic, you restore magic in
                  | place of health. [demonic ancestry]
 31807 | Snake:4  | Reached XP level 18. HP: 134/134 MP: 37/37
 31808 | Snake:4  | Gained mutation: Spells you cast and wands you use may
                  | paralyse nearby enemies. [demonic ancestry]
 31808 | Snake:4  | Reached XP level 19. HP: 140/140 MP: 38/38
 31942 | Swamp:1  | Entered Level 1 of the Swamp
 31982 | Swamp:1  | Identified the +4 arbalest "Epacs" {freeze, rF++ rCorr
                  | Str-3 Dex+4}
 32078 | Swamp:1  | Reached skill level 10 in Staves
 32880 | Swamp:2  | You pick up a book of Callings and begin reading...
 32880 | Swamp:2  | You add the spells Summon Small Mammal, Call Canine
                  | Familiar and Summon Blazeheart Golem to your library.
 33312 | Swamp:3  | Reached skill level 11 in Staves
 33815 | Swamp:4  | Entered Level 4 of the Swamp
 34044 | Swamp:4  | Reached skill level 12 in Staves
 34062 | Swamp:4  | Reached skill level 21 in Necromancy
 34189 | Swamp:4  | Got a decaying rune of Zot
 34241 | Swamp:4  | Found a runed translucent door.
 34243 | Swamp:4  | Noticed bakla's ghost (journeyman HuEE)
 34417 | Swamp:4  | Gained mutation: Your touch may irresistibly damage your
                  | foes and sap their willpower. [demonic ancestry]
 34417 | Swamp:4  | Reached XP level 20. HP: 143/147 MP: 39/39
 34947 | Elf:1    | Paralysed by an air elemental for 1 turns
 35050 | Elf:1    | Found Zocy's Magic Scroll Emporium.
 35127 | Elf:1    | Found Awnabau's Jewellery Shoppe.
 35127 | Elf:1    | Found Jotakhu's Antique Weapon Emporium.
 35131 | Elf:1    | Found Qaucid's Distillery.
 35249 | Elf:1    | Noticed Agnes
 35255 | Elf:1    | Killed Agnes
 35256 | Elf:1    | Identified the +1 glaive of the Unspeakable One {protect,
                  | rC++ Int-2}
 35401 | Elf:1    | Reached skill level 13 in Staves
 35738 | Elf:1    | Noticed Jorgrun
 35750 | Elf:1    | Killed Jorgrun
 35797 | Elf:1    | Found Xavumeps's Distillery.
 35806 | Elf:1    | Bought 2 potions of heal wounds for 200 gold pieces
 35806 | Elf:1    | Bought a potion of curing for 60 gold pieces
 35890 | Elf:1    | HP: 34/147 [deep elf knight/shard of ice (25)]
 36587 | Elf:2    | HP: 31/147 [deep elf archer/arrow (9)]
 36592 | Elf:2    | HP: 9/147 [deep elf archer/arrow (23)]
 36597 | Elf:2    | HP: 1/147 [deep elf archer/arrow (9)]
 36813 | Elf:2    | Found Jeikk's Antique Armour Shop.
 36859 | Elf:2    | HP: 29/147 [deep elf pyromancer/bolt of fire (22)]
 37029 | Elf:2    | Identified the +0 scale mail "Doj Ota" {rPois Int+4}
 37211 | Elf:2    | Reached skill level 14 in Staves
 37299 | Elf:2    | Found a runed translucent gate.
 37300 | Elf:2    | Found a runed translucent gate.
 37300 | Elf:2    | Found a runed translucent gate.
 37380 | Elf:2    | Reached skill level 16 in Spellcasting
 37557 | Elf:2    | HP: 21/147 [+3 halberd of venom (20)]
 37557 | Elf:2    | Mangled by a +3 halberd of venom

Vanquished Creatures
  Jorgrun (Elf:1)
  Agnes (Elf:1)
  2 nagarajas (Snake:4)
  An orc warlord (Orc:2)
  Nessos (D:13)
  A deep elf death mage (Elf:1)
  A deep elf demonologist (Elf:2)
  2 deep elf annihilators (Elf:1)
  A bunyip (Swamp:1)
  4 eleionomae
  A green death (Gauntlet)
  The ghost of jboons the Wallflower, a journeyman MDMo of Uskayaw (Lair:2)
  An ettin (Orc:2)
  A hydra (Swamp:1)
  3 centaur warriors
  An ogre mage (Orc:2)
  4 anacondas
  4 alligators
  14 dancing weapons
  A death yak (Lair:3)
  6 boulder beetles
  8 two-headed ogres
  A naga warrior (Snake:3)
  2 shock serpents
  A tengu warrior (D:15)
  2 orc high priests (Orc:2)
  2 thrashing horrors (Lair:5)
  Nergalle (D:12)
  3 naga sharpshooters (Snake:4)
  A skyshark (Lair:5)
  7 deep elf knights
  3 goliath frogs
  A salamander mystic (Snake:2)
  A sea snake (Snake:4)
  A swamp dragon (Swamp:1)
  3 orc knights (Orc:2)
  2 spriggan druids
  6 mana vipers
  2 bog bodies
  A naga ritualist (Snake:1)
  6 deep elf archers
  19 deep elf pyromancers
  An ugly thing (D:13)
  10 deep elf zephyrmancers
  2 orc sorcerers (Orc:2)
  2 will-o-the-wisps
  2 manticores
  Maurice (D:11)
  3 elephants (Lair:2)
  A cyclops (D:14)
  A meliai (shapeshifter) (Lair:5)
  4 salamanders
  4 guardian serpents
  25 black mambas
  6 slime creatures
  4 naga magi
  A gargoyle (D:14)
  2 rime drakes
  A large abomination (Lair:5)
  A kobold demonologist (D:13)
  11 cane toads
  Jeremiah (D:8)
  An orange demon (Gauntlet)
  An unseen horror (shapeshifter) (Elf:1)
  9 komodo dragons
  A tengu conjurer (D:14)
  An efreet (D:15)
  2 polar bears (Lair:5)
  2 trolls (Orc:2)
  4 hornets
  2 queen bees (shapeshifter) (Lair:5)
  11 blink frogs
  4 tyrant leeches
  A raiju (Lair:5)
  5 dream sheep
  3 air elementals (Elf:1)
  2 centaur simulacra (D:14)
  4 water elementals
  38 yaks
  4 shadows (Gauntlet)
  A wraith (D:12)
  3 spriggans
  2 ynoxinuls (Lair:5)
  3 wyverns
  2 wargs (Orc:2)
  2 vampire mosquitoes (Swamp:3)
  8 swamp worms
  Grum (Lair:1)
  2 basilisks
  15 nagas
  3 acid dragons
  13 water moccasins
  18 orc warriors
  2 swamp drakes
  A sky beast (D:8)
  2 ice beasts
  A wolf (Lair:1)
  An ogre (D:15)
  2 centaurs
  2 kobold brigands
  Blork the orc (D:6)
  13 bullfrogs
  9 scorpions
  2 gnoll sergeants (D:10)
  2 earth elementals
  3 small abominations (Lair:5)
  3 killer bees (D:7)
  4 howler monkeys
  3 hounds
  13 orc priests
  2 bombardier beetles
  A gnoll bouda (D:5)
  4 jellies (Lair:4)
  2 sleepcaps
  5 iguanas
  23 orc wizards
  Natasha (thrice) (D:2)
  4 hell rats (Lair:4)
  Robin (D:2)
  22 gnolls
  5 adders
  A shadow imp (D:5)
  4 white imps
  2 ufetubi (D:7)
  3 ribbon worms
  61 orcs
  6 bats
  6 endoplasms
  7 giant cockroaches
  15 goblins
  9 hobgoblins
  4 jackals
  12 kobolds
  4 quokkas
  9 ball pythons
  A frilled lizard (D:3)
  A rat (D:1)
657 creatures vanquished.

Vanquished Creatures (collateral kills)
  A deep elf blademaster (Elf:2)
  Gastronok (Lair:3)
  2 thorn hunters (Swamp:4)
  7 nagarajas (Snake:4)
  2 deep elf elementalists
  An orc warlord (Orc:1)
  3 bunyips
  An eleionoma (Swamp:1)
  A shambling mangrove (Swamp:4)
  12 hydras
  4 alligators
  An ogre mage (D:15)
  A ghost crab (Swamp:3)
  2 two-headed ogres (D:15)
  A boulder beetle (D:11)
  7 anacondas
  3 death yaks (Lair:3)
  10 naga warriors
  A thrashing horror (Lair:5)
  4 naga sharpshooters
  7 shock serpents
  4 deep elf knights
  A skyshark (Lair:5)
  A goliath frog (Swamp:1)
  5 mana vipers
  A spriggan druid (Swamp:4)
  An arcanist (D:14)
  6 sea snakes (Snake:4)
  A deep elf archer (Elf:1)
  3 bog bodies (Swamp:3)
  7 swamp dragons (Swamp:4)
  A large abomination (Lair:5)
  6 naga ritualists
  6 deep elf zephyrmancers
  An ugly thing (Lair:5)
  3 will-o-the-wisps
  7 deep elf pyromancers
  A manticore (D:14)
  2 elephants (Lair:2)
  A moth of wrath (Lair:2)
  3 salamanders
  20 black mambas
  9 naga magi
  A torpor snail (Lair:3)
  2 guardian serpents (Snake:4)
  2 kobold blastminers (Orc:2)
  2 cane toads
  6 komodo dragons
  A rime drake (Lair:2)
  A troll (Orc:2)
  A polar bear (shapeshifter) (Elf:1)
  A polar bear (Lair:3)
  4 hornets (Swamp:4)
  A raiju (Lair:5)
  6 blink frogs (Lair:5)
  5 tyrant leeches
  2 dream sheep (Lair:3)
  An air elemental (Elf:1)
  35 yaks
  A basilisk (Lair:5)
  A ynoxinul (Lair:5)
  4 spriggans
  A warg (Orc:1)
  2 vampire mosquitoes (Swamp:3)
  2 fire elementals
  10 swamp worms
  20 nagas
  5 water moccasins
  6 swamp drakes
  6 orc warriors
  2 ogres (Orc:1)
  A wolf (Lair:1)
  4 bullfrogs
  An earth elemental (Elf:1)
  4 small abominations (Lair:5)
  2 killer bees (D:7)
  3 orc priests
  A jelly (Lair:4)
  An orc wizard (Orc:1)
  3 hell rats (Lair:4)
  A gnoll (D:10)
  A ribbon worm (D:4)
  13 orcs
  2 ball pythons
  An endoplasm (D:1)
331 creatures vanquished.

Vanquished Creatures (others)
  A thorn hunter (Swamp:3)
  A nagaraja (Snake:4)
  4 hydras
  A catoblepas (Lair:5)
  An anaconda (Snake:1)
  A dancing weapon (Elf:2)
  A two-headed ogre (D:11)
  2 naga warriors (Snake:4)
  A tengu warrior (D:14)
  An orc high priest (Orc:2)
  2 shock serpents (Snake:4)
  3 deep elf knights
  4 naga sharpshooters
  A spriggan rider (Swamp:2)
  3 sea snakes (Snake:4)
  A deep elf archer (Elf:2)
  A swamp dragon (Swamp:4)
  A harpy (shapeshifter) (Lair:5)
  2 orc knights (Orc:2)
  2 deep elf zephyrmancers (Elf:2)
  A salamander (Snake:2)
  2 deep elf pyromancers
  An orc sorcerer (Orc:1)
  A moth of wrath (Lair:2)
  2 cyclopes
  2 guardian serpents
  A naga mage (Snake:4)
  A torpor snail (Lair:2)
  5 black mambas
  A cane toad (Lair:3)
  A tengu conjurer (D:15)
  A dream sheep (Lair:2)
  3 blink frogs
  A snapping turtle (shapeshifter) (Elf:2)
  5 yaks
  A vampire mosquito (Swamp:3)
  12 nagas
  2 swamp worms (Gauntlet)
  3 water moccasins
  5 orc warriors
  A bullfrog (Lair:3)
  2 orc priests
  An orc wizard (D:15)
  3 orcs
  A hobgoblin (D:15)
  15 foxfires
108 creatures vanquished.

Grand Total: 1096 creatures vanquished

Table legend:
 A = Non-vault XP
 B = Vault XP
 C = Vault XP percentage of total XP
 D = Non-vault monster count
 E = Vault monster count
 F = Vault count percentage of total count
                 A         B        C        D         E       F
            +---------+---------+-------+---------+---------+-------
      Total |  243483 |  126673 |  34.2 |     799 |     273 |  25.5
            +---------+---------+-------+---------+---------+-------
        D:1 |      62 |      14 |  18.4 |      22 |       5 |  18.5
        D:2 |      97 |      70 |  41.9 |      11 |       8 |  42.1
        D:3 |      81 |       0 |   0.0 |      18 |       0 |   0.0
        D:4 |     245 |       0 |   0.0 |      27 |       0 |   0.0
        D:5 |     766 |       0 |   0.0 |      30 |       0 |   0.0
        D:6 |     949 |     103 |   9.8 |      18 |       2 |  10.0
        D:7 |    1014 |       0 |   0.0 |      19 |       0 |   0.0
        D:8 |    1260 |     378 |  23.1 |      23 |       1 |   4.2
        D:9 |    2644 |       0 |   0.0 |      23 |       0 |   0.0
       D:10 |     794 |       0 |   0.0 |      22 |       0 |   0.0
       D:11 |    4738 |     875 |  15.6 |       8 |       2 |  20.0
       D:12 |     566 |    2090 |  78.7 |      14 |       3 |  17.6
       D:13 |    5573 |    1062 |  16.0 |      14 |       1 |   6.7
       D:14 |    7115 |     575 |   7.5 |      14 |       1 |   6.7
       D:15 |    9877 |       0 |   0.0 |      16 |       0 |   0.0
     Lair:1 |    4376 |     417 |   8.7 |      18 |       3 |  14.3
     Lair:2 |    6366 |    9491 |  59.9 |      23 |      30 |  56.6
     Lair:3 |   14030 |    2165 |  13.4 |      49 |       4 |   7.5
     Lair:4 |    2670 |     214 |   7.4 |      17 |       5 |  22.7
     Lair:5 |   11064 |   15112 |  57.7 |      37 |      47 |  56.0
    Swamp:1 |   11807 |       0 |   0.0 |      16 |       0 |   0.0
    Swamp:2 |    5208 |       0 |   0.0 |      16 |       0 |   0.0
    Swamp:3 |   15148 |       0 |   0.0 |      28 |       0 |   0.0
    Swamp:4 |   13233 |   15662 |  54.2 |      23 |      24 |  51.1
    Snake:1 |   26436 |     325 |   1.2 |      46 |       2 |   4.2
    Snake:2 |   13843 |       0 |   0.0 |      32 |       0 |   0.0
    Snake:3 |   11578 |       0 |   0.0 |      24 |       0 |   0.0
    Snake:4 |   22699 |   37106 |  62.0 |      47 |      53 |  53.0
      Orc:1 |    3843 |       0 |   0.0 |      38 |       0 |   0.0
      Orc:2 |    5205 |   10247 |  66.3 |      35 |      35 |  50.0
      Elf:1 |   20007 |   13999 |  41.2 |      37 |      19 |  33.9
      Elf:2 |   20189 |   13608 |  40.3 |      34 |      17 |  33.3
   Gauntlet |       0 |    3160 | 100.0 |       0 |      11 | 100.0
            +---------+---------+-------+---------+---------+-------

Skill      XL: |  1  2  3  4  5  6  7  8  9 10 11 12 13 14 15 16 17 18 19 20 |
---------------+-------------------------------------------------------------+-----
Stealth        | 2 3 4 6 8 |  8.0
Necromancy     | 5 6 7 10 13 14 17 18 19 20 21 | 21.8
Spellcasting   | 3 4 6 8 11 12 13 15 16 | 16.0
Summonings     | 1 4 |  4.0
Earth Magic    | 3 |  3.0
Fighting       | 5 6 10 | 10.0
Conjurations   | 3 4 |  4.0
Dodging        | 3 6 9 10 12 | 12.0
Hexes          | 3 |  3.5
Staves         | 6 9 12 14 | 14.3

Action                     |  1- 3 |  4- 6 |  7- 9 | 10-12 | 13-15 | 16-18 | 19-21 || total
---------------------------+-------+-------+-------+-------+-------+-------+-------++-------
  Melee: Unarmed           |    25 |    47 |    93 |   142 |   108 |       |       ||   415
         Touch             |     2 |    14 |    24 |    42 |    90 |    25 |    23 ||   220
         Punch             |       |     1 |     4 |     5 |       |       |       ||    10
         Staff             |       |       |       |       |   264 |   104 |   130 ||   498
         Lajatang          |       |       |       |       |       |       |    86 ||    86
   Cast: Necrotise         |    61 |    92 |   113 |    34 |     1 |       |       ||   301
         Vampiric Draining |       |    19 |   111 |   125 |    59 |    24 |    36 ||   374
         Animate Dead      |       |     1 |    10 |    16 |    29 |    16 |    19 ||    91
         Stone Arrow       |       |       |       |   142 |   103 |    26 |    76 ||   347
         Martyr's Knell    |       |       |       |     8 |    20 |     8 |     9 ||    45
         Anguish           |       |       |       |    22 |    35 |    27 |    24 ||   108
         Fugue of the Fall |       |       |       |     4 |    15 |    15 |     9 ||    43
         Dispel Undead     |       |       |       |     7 |     1 |       |       ||     8
         Borgnjor's Vile C |       |       |       |       |   102 |    70 |    78 ||   250
         Death Channel     |       |       |       |       |    33 |    18 |    17 ||    68
         Haunt             |       |       |       |       |     7 |     7 |    61 ||    75
 Invoke: Unearth Wretches  |       |       |       |     1 |     2 |     2 |       ||     5
         Receive Forbidden |       |       |       |       |     1 |       |       ||     1
  Evoke: Wand              |       |       |       |     6 |     3 |       |       ||     9
    Use: Potion            |     2 |       |     1 |    11 |     7 |     8 |       ||    29
         Scroll            |       |       |    14 |    19 |     8 |     4 |     3 ||    48
   Stab: Paralysed         |       |     4 |    14 |    50 |    57 |    27 |    21 ||   173
         Sleeping          |       |       |     3 |       |       |       |       ||     3
         Distracted        |       |       |     1 |       |     9 |     4 |     2 ||    16
 Armour: Robe              |    57 |    37 |   114 |   182 |   390 |   154 |   246 ||  1180
         Troll leather arm |       |       |       |     7 |       |       |       ||     7
         Skin              |       |       |       |    45 |       |    12 |       ||    57
  Dodge: Dodged            |    40 |    46 |   110 |   164 |   500 |   197 |   242 ||  1299
  Block: Other             |       |    12 |    34 |    48 |   144 |    46 |    68 ||   352

Illustrated notes

Table legend:
 A = Kills in this place as a percentage of kills in the entire game.
 B = Kills by you in this place as a percentage of kills by you in the entire game.
 C = Kills by friends in this place as a percentage of kills by friends in the entire game.
 D = Other kills in this place as a percentage of other kills in the entire game.
 E = Experience gained in this place as a percentage of experience gained in the entire game.
 F = Experience gained in this place divided by the number of levels of this place that you have seen.
                   A       B       C       D       E      F
               +-------+-------+-------+-------+-------+----------------------
         Total | 100.0 | 100.0 | 100.0 | 100.0 | 100.0 | 11216.8
       Dungeon |  28.2 |  42.6 |   4.8 |   7.1 |  11.1 | 2729.9
          Lair |  21.7 |  18.9 |  27.5 |  21.4 |  17.8 | 13181.0
         Swamp |  10.0 |   5.5 |  19.3 |   8.3 |  16.5 | 15264.5
     Snake Pit |  19.0 |  10.7 |  31.7 |  34.5 |  30.3 | 27996.8
  Orcish Mines |  10.1 |  10.4 |   8.5 |  14.3 |   5.2 | 9647.5
   Elven Halls |  10.0 |  10.8 |   7.9 |  11.9 |  18.3 | 33901.5
      Gauntlet |   1.0 |   1.2 |   0.3 |   2.4 |   0.9 | 3160.0
               +-------+-------+-------+-------+-------+----------------------

Table legend: (Time is in decaauts)
 A = Elapsed time spent in this place.
 B = Non-inter-level travel time spent in this place.
 C = Inter-level travel time spent in this place.
 D = Time resting spent in this place.
 E = Time spent auto-exploring this place.
 F = Levels seen in this place.
 G = Mean time per level.
                   A        B        C        D        E       F      G
               +--------+--------+--------+--------+--------+-----+--------+
         Total |  37880 |  35973 |   1907 |   2842 |  26079 |  33 | 1147.9 |
       Dungeon |  16236 |  15339 |    897 |   1531 |  11342 |  15 | 1082.4 |
          Lair |   7169 |   6607 |    562 |    373 |   4891 |   5 | 1433.8 |
         Swamp |   3018 |   2851 |    167 |     32 |   2119 |   4 |  754.5 |
     Snake Pit |   6518 |   6403 |    115 |    408 |   4769 |   4 | 1629.5 |
  Orcish Mines |   1579 |   1484 |     95 |      8 |   1066 |   2 |  789.5 |
   Elven Halls |   2705 |   2636 |     69 |    196 |   1724 |   2 | 1352.5 |
      Gauntlet |    653 |    653 |      0 |    294 |    168 |   1 |  653.0 |
               +--------+--------+--------+--------+--------+-----+--------+

Top non-repeatable levels by time:
  Lair:5: 2278 daAuts
 Snake:1: 2132 daAuts
  Lair:2: 1856 daAuts
 Snake:4: 1810 daAuts
   Elf:1: 1743 daAuts
     D:1: 1515 daAuts
    D:15: 1433 daAuts
 Snake:3: 1398 daAuts
    D:14: 1277 daAuts
    D:12: 1245 daAuts
 Snake:2: 1177 daAuts
     D:8: 1172 daAuts
    D:13: 1169 daAuts
   Orc:2: 1157 daAuts
     D:2: 1089 daAuts
